AoeStats
← 739697286

Nomad

508183012Analyzed
4v4 RM · 12d ago on Sep 21, 2026· 50m 14s· 8 players
Game mode
Random Map
Map size
231×231
Population
200
Speed
Normal
Resources
Standard
Victory
Conquest
Starting age
Dark Age
Ending age
Imperial Age
RankedLock teamsTeams togetherTeam positionsShared explorationLock speedFull tech treeHidden civsTurbo modeCheats
Victory
Defeat
🇭🇰 Persians · Hong Kong SAR China
1637
+10
🇪🇸 Mongols · Spain
1597
+11
🇨🇳 Vietnamese · China
1387
+20
🇯🇵 Vikings · Japan
1376
+19
🇹🇼 Koreans · Taiwan
1516
-17
🇨🇳 Persians · China
1507
-16
🇻🇳 Japanese · Vietnam
1455
-14
🇨🇳 Chinese · China
1435
-13
快樂 543
6:08 Loom
14:26 Feudal Age
19:13 Castle Age
17:44 Gold Mining
18:32 Fletching
19:05 Double-Bit Axe
25:25 Town Watch
30:41 Bodkin Arrow
35:53 Ballistics
739697286
5:09 Loom
13:20 Feudal Age
19:33 Castle Age
19:13 Horse Collar
23:06 Wheelbarrow
24:39 Scale Barding Armor
27:43 Hand Cart
32:58 Imperial Age
31:27 Crossbowman
32:03 Fletching
32:24 Elite Skirmisher
33:02 Bodkin Arrow
33:07 Padded Archer Armor
33:02 Bodkin Arrow
33:08 Padded Archer Armor
34:22 Chain Barding Armor
34:21 Heavy Plow
34:08 Double-Bit Axe
38:03 Conscription
37:57 Gold Mining
40:58 Cavalier
43:19 Forging
43:44 Plate Barding Armor
NPChinh
12:33 Loom
14:33 Feudal Age
15:14 Double-Bit Axe
16:03 Fishing Lines
18:41 Castle Age
17:44 Gold Mining
17:35 Horse Collar
18:41 Forging
18:34 Scale Mail Armor
19:37 Bow Saw
20:03 Gold Shaft Mining
20:06 Iron Casting
18:57 Man-at-Arms
19:23 Gambesons
19:38 Squires
19:24 Arson
20:07 Gillnets
19:43 Long Swordsman
20:47 Chain Mail Armor
21:34 Heavy Plow
32:06 Stone Mining
32:36 Pikeman
38:30 Fletching
40:58 Bodkin Arrow
43:21 Wheelbarrow
43:03 Treadmill Crane
46:45 Hand Cart
50:45 Imperial Age
48:11 Guard Tower
48:46 Masonry
48:32 Murder Holes
49:52 Yasama
knife
3:12 Loom
13:17 Feudal Age
17:59 Castle Age
17:06 Double-Bit Axe
17:35 Fishing Lines
18:55 Medium Warships
20:29 Clinker Construction
20:57 Gillnets
24:35 Wheelbarrow
24:44 Bow Saw
24:17 Horse Collar
25:17 Town Watch
30:00 Gold Mining
33:52 Imperial Age
31:50 Stone Mining
32:37 Gold Shaft Mining
33:56 Hand Cart
33:36 Fletching
35:37 Chemistry
34:28 Guard Tower
34:24 Arrowslits
35:16 Heavy Warships
35:33 Bodkin Arrow
36:32 Shipwright
37:02 Rocketry
38:45 Stone Shaft Mining
38:01 Guard Tower
38:32 Ballistics
37:58 Arrowslits
38:15 Bracer
38:15 Padded Archer Armor
40:47 Husbandry
41:12 Leather Archer Armor
42:05 Keep
41:14 Pikeman
41:54 Squires
42:45 Ring Archer Armor
44:11 Conscription
44:13 Elite Chu Ko Nu
45:29 Halberdier
46:11 Scale Mail Armor
46:21 Forging
48:32 Conscription
48:23 Capped Ram
49:42 Chain Mail Armor
50:02 Iron Casting
Sean
13:05 Feudal Age
16:45 Castle Age
15:36 Double-Bit Axe
16:01 Forging
16:33 Loom
17:55 Bow Saw
18:18 Fletching
19:58 Medium Warships
20:32 Fishing Lines
20:51 Horse Collar
21:04 Gold Mining
20:59 Town Watch
21:50 Wheelbarrow
23:11 Bodkin Arrow
23:56 Heavy Plow
25:16 Stone Mining
26:02 Gold Shaft Mining
29:12 Hand Cart
32:05 Imperial Age
31:01 Scale Barding Armor
31:34 Bloodlines
31:25 Husbandry
32:29 Chain Barding Armor
31:53 Cavalier
33:42 Iron Casting
35:03 Plate Barding Armor
35:35 Savar
37:55 Ballistics
39:20 Town Patrol
39:37 Masonry
41:11 Conscription
42:56 Blast Furnace
47:02 Coinage
47:30 Architecture
48:40 Capped Ram
49:57 Banking
SevenThunder438
5:36 Loom
13:18 Feudal Age
17:33 Castle Age
16:54 Double-Bit Axe
18:44 Bow Saw
19:29 Fletching
19:48 Horse Collar
21:18 Bodkin Arrow
26:33 Wheelbarrow
26:45 Padded Archer Armor
30:00 Leather Archer Armor
47:44 Hand Cart
48:00 Ballistics
AutoClickerv3
12:39 Feudal Age
13:15 Double-Bit Axe
14:54 Gold Mining
15:55 Loom
18:44 Castle Age
17:23 Stone Mining
18:41 Fletching
20:57 Bow Saw
24:31 Ballistics
32:24 Wheelbarrow
31:34 Town Watch
33:13 Bodkin Arrow
33:19 Padded Archer Armor
34:26 Hand Cart
38:59 Imperial Age
37:36 Murder Holes
37:52 Masonry
38:41 Leather Archer Armor
39:28 Scale Barding Armor
39:17 Light Cavalry
40:08 Bloodlines
40:26 Parthian Tactics
40:07 Thumb Ring
41:22 Hussar
42:02 Husbandry
44:13 Nomads
44:40 Drill
44:42 Conscription
44:48 Bracer
44:53 Elite Mangudai
45:24 Capped Ram
48:21 Chemistry
47:06 Horse Collar
48:24 Siege Ram
PeterWong1988
5:00 Loom
14:47 Feudal Age
16:23 Fishing Lines
17:41 Double-Bit Axe
20:05 Castle Age
18:02 Fletching
19:59 Gold Mining
21:16 Bodkin Arrow
23:01 Gillnets
25:36 Ballistics
44:46 Careening
47:53 Clinker Construction
Connection lost

Rejoining the realm…

Still unreachable

The connection could not be restored.

Session expired

The server has moved on; the page needs a fresh start.